 Dungeon Crawl Stone Soup version 0.30-a0-776-g08fbeb92c1 (webtiles) character file.

Game seed: 13623209294002384905

732 M4edhros the Ducker (level 7, -4/44 (50) HPs)
             Began as an Octopode Artificer on Feb 13, 2023.
             Splashed by a jelly's acid (9 damage)
             ... on level 5 of the Dungeon.
             The game lasted 00:04:27 (2850 turns).

M4edhros the Ducker (Octopode Artificer)            Turns: 2850, Time: 00:04:28

HP:   -4/44 (50)    AC: -3    Str: 11    XL:     7   Next: 73%
MP:   7/7           EV: 15    Int: 13    God:
Gold: 93            SH:  0    Dex: 15    Spells: 6/6 levels left

rFire   . . .      SeeInvis .    e - +1 trident (venom)
rCold   . . .      Faith    .    (no shield)
rNeg    + . .      Spirit   .    (helmet restricted)
rPois   .          Reflect  .    (no amulet)
rElec   .          Harm     .    q - ring of positive energy
rCorr   .          Rampage  .    (no ring)
Will    .....                    (no ring)
Stlth   +++                      (no ring)
HPRegen 0.27/turn                (no ring)
MPRegen 0.10/turn                (no ring)
                                 (no ring)
                                 (no ring)

@: corroded, heavily drained
A: almost no armour, amphibious, 8 rings, camouflage 1, gelatinous body 1,
(nimble swimmer 1), tentacles
a: no special abilities


You were on level 5 of the Dungeon.
You visited 1 branch of the dungeon, and saw 5 of its levels.

You collected 93 gold pieces.

Inventory:

Hand Weapons
 e - a +1 trident of venom (weapon)
Jewellery
 q - a ring of positive energy (left tentacle)
Wands
 b - a wand of flame (10) (quivered)
 c - a wand of charming (7)
 d - a wand of iceblast (5)
 h - a wand of light (6)
 j - a wand of digging (3)
 p - a wand of polymorph (7)
Scrolls
 a - 2 scrolls of immolation {unknown}
 f - 2 scrolls of identify {unknown}
 g - a scroll of magic mapping {unknown}
 k - a scroll of fear {unknown}
 l - a scroll of acquirement {unknown}
 m - 2 scrolls of blinking {unknown}
 n - a scroll of vulnerability {unknown}
 r - a scroll of noise {unknown}
 u - a scroll of enchant armour {unknown}
Potions
 i - 2 potions of curing
 o - 2 potions of might {unknown}
 s - a potion of mutation {unknown}
 t - a potion of berserk rage {unknown}


   Skills:
 + Level 5.3 Fighting
 + Level 5.8 Dodging
 - Level 1.3 Stealth
 - Level 5.0 Evocations


You had 6 spell levels left.
You didn't know any spells.
Your spell library contained the following spells:

 Spells                   Type           Power      Damage    Failure   Level
 Ignite Poison            Fire/Tmut/Pois 0%         N/A       67%         3
 Sticky Flame             Conj/Fire      0%         2d3       97%         4
 Ignition                 Fire           0%         3d3       100%        8


Dungeon Overview and Level Annotations

Branches:
Dungeon (5/15)
 Temple: D:4-7

Altars:


Innate Abilities, Weirdness & Mutations

You cannot wear most types of armour.
You are amphibious.
You can wear up to eight rings at the same time.
Your skin changes colour to match your surroundings (Stealth+).
Your rubbery body absorbs attacks. (AC +1, EV +1)
((You are camouflaged when in or above water. (Stealth+)))
You have tentacles for arms and can constrict up to eight enemies at once.


Message History

You constrict the dart slug.
You kill the dart slug!
A jelly comes into view.
A jelly is nearby!
A necrophage comes into view.
Found a stone staircase leading down.
The necrophage hits you!
You closely miss the necrophage. Your grab misses the necrophage.
The necrophage hits you. You partially resist.
You feel drained.
The jelly quivers.
You puncture the necrophage! Your grab misses the necrophage.
Your squeeze misses the necrophage.
The necrophage is moderately damaged.
The necrophage closely misses you.
You closely miss the necrophage. Your grab misses the necrophage.
The necrophage is moderately damaged.
The necrophage hits you. You partially resist.
You feel drained. The necrophage hits you.
* * * LOW HITPOINT WARNING * * *
You partially resist.
You feel drained.
You hit the necrophage but do no damage.
Your grab misses the necrophage. Your squeeze misses the necrophage.
The necrophage is moderately damaged.
The necrophage hits you but does no damage.
Okay, then.
Aiming: Charm
Press: ? - help, Shift-Dir - straight line, f - necrophage
Aim: a necrophage (moderately damaged, chance to affect: 44%)
The necrophage resists with some effort.
The necrophage hits you!
* * * LOW HITPOINT WARNING * * *
You partially resist.
You feel drained.
Aiming: Charm
Press: ? - help, Shift-Dir - straight line, f/p - necrophage
Aim: a necrophage (moderately damaged, chance to affect: 44%)
The necrophage is charmed.
The jelly attacks as you move away! The jelly hits you.
* * * LOW HITPOINT WARNING * * *
The acid corrodes you!
You are splashed with acid!
You die...

##.###..##..#
#..........#
#..........#
............#
##..........# #
#...J......## ###.##
#...........###......
#...........Jn...>...
##.#####..###@.......
#. #.## #........ #
#.# #........ ..#
##....... ..# #...#..
### #### #


You could see a jelly and a friendly necrophage (charmed).

Vanquished Creatures
  2 black bears (D:4)
  A centaur (D:4)
  A phantom (D:4)
  2 necrophages
  3 iguanas
  Ijyb (D:3)
  2 orc wizards (D:4)
  3 adders
  A white imp (D:5)
  3 worms
  6 dart slugs
  7 orcs
  4 ball pythons
  7 endoplasms
  4 giant cockroaches (D:1)
  2 goblins
  3 hobgoblins (D:1)
  2 quokkas
  4 bats
  A frilled lizard (D:2)
  4 kobolds
  6 rats
69 creatures vanquished.

Vanquished Creatures (collateral kills)
  An adder (D:4)
  An orc (D:3)
2 creatures vanquished.

Vanquished Creatures (others)
  An orc wizard (D:3)
  A ball python (D:1)
  A kobold (D:1)
  3 plants (D:3)
6 creatures vanquished.

Grand Total: 77 creatures vanquished

Notes
Turn   | Place    | Note
-------+----------+-------------------------------------------
     0 | D:1      | M4edhros the Octopode Artificer began the quest for the
                  | Orb.
     0 | D:1      | Reached XP level 1. HP: 13/13 MP: 1/1
    56 | D:1      | Found a faded altar of an unknown god.
   168 | D:1      | Reached XP level 2. HP: 2/18 MP: 2/2
   808 | D:2      | Reached XP level 3. HP: 23/23 MP: 3/3
  1023 | D:2      | Reached skill level 5 in Evocations
  1294 | D:3      | Reached XP level 4. HP: 17/28 MP: 4/4
  1420 | D:3      | Noticed Ijyb
  1426 | D:3      | Killed Ijyb
  1484 | D:4      | Reached XP level 5. HP: 15/35 MP: 5/5
  1860 | D:4      | Reached XP level 6. HP: 31/42 MP: 6/6
  2158 | D:4      | Noticed a black bear
  2171 | D:4      | Killed a black bear
  2172 | D:4      | Reached XP level 7. HP: 28/48 MP: 7/7
  2252 | D:4      | Reached skill level 5 in Dodging
  2412 | D:4      | Reached skill level 5 in Fighting
  2665 | D:5      | Entered Level 5 of the Dungeon
  2850 | D:5      | Splashed by a jelly's acid

Illustrated notes

Levels and vault maps discovered:
D:1:      nzn_arrival_settlement, layout_loops_ring,
          shapermc_ecumenical_altar_ellora
D:2:      layout_basic, uniq_crazy_yiuf_cottage
D:3:      layout_basic, mainiacjoe_overflow_chevrons, minmay_statues_item,
          chequers_garden, serial_bayou_lake_a, uniq_ijyb
D:4:      layout_rooms
D:5:      layout_rooms, uniq_prince_ribbit1

Skill      XL: |  1  2  3  4  5  6  7 |
---------------+----------------------+-----
Evocations     | 4 5 |  5.0
Fighting       | 2 3 4 5 |  5.3
Dodging        | 3 4 5 |  5.8
Stealth        | |  1.3

Action                     |  1- 3 |  4- 6 |  7- 9 || total
---------------------------+-------+-------+-------++-------
  Melee: Unarmed           |    93 |       |       ||    93
         Tentacles         |    23 |    14 |     9 ||    46
         Constrict         |    21 |    13 |     8 ||    42
         Punch             |     1 |       |     1 ||     2
         Trident           |       |    65 |    46 ||   111
  Evoke: Wand              |     6 |     5 |     2 ||    13
    Use: Potion            |       |     2 |       ||     2
   Stab: Sleeping          |    17 |     3 |     3 ||    23
 Armour: Skin              |    11 |     3 |     3 ||    17
  Dodge: Dodged            |    53 |    61 |    41 ||   155

Table legend: (Time is in decaauts)
 A = Elapsed time spent in this place.
 B = Non-inter-level travel time spent in this place.
 C = Inter-level travel time spent in this place.
 D = Time resting spent in this place.
 E = Time spent auto-exploring this place.
 F = Levels seen in this place.
 G = Mean time per level.
                   A        B        C        D        E       F      G
               +--------+--------+--------+--------+--------+-----+--------+
         Total |   2883 |   2718 |    165 |    263 |   1874 |   5 |  576.6 |
       Dungeon |   2883 |   2718 |    165 |    263 |   1874 |   5 |  576.6 |
               +--------+--------+--------+--------+--------+-----+--------+

Top non-repeatable levels by time:
     D:4: 1131 daAuts
     D:1: 804 daAuts
     D:3: 514 daAuts
     D:2: 297 daAuts
     D:5: 136 daAuts
